[Event "*** Titled Tuesday Blitz"]
[Site "Chess.com"]
[Date "2021.03.09"]
[Round "4"]
[White "Mikhail_Golubev"]
[Black "ludogoretz"]
[Result "1-0"]
[WhiteElo "2580"]
[BlackElo "2359"]
[TimeControl "180+1"]
[EndTime "10:42:38 PST"]
[Termination "Mikhail_Golubev won by resignation"]

1. e4 c5 2. Nf3 Nc6 3. Nc3 Nf6 4. Bb5 Nd4 5. e5 Nxb5 6. Nxb5 Nd5 7. Ng5 d6 8. Qf3 Be6 9. Nxe6 fxe6 10. exd6 exd6 11. c4 Nf6 12. Qxb7 Be7 13. Qxa8 Qxa8 14. Nc7+ Kd7 15. Nxa8 Rxa8 16. d3 Ng4 17. O-O Bf6 18. Rb1 a5 19. h3 Nh6 20. Bxh6 gxh6 21. f4 h5 22. Rfe1 Bd4+ 23.
Kh2 h4 24. Re2 Rg8 25. a3 Rg3 26. Rd1 e5 27. fxe5 Bxe5 28. Kh1 Rg5 29. b3 Rf5 30. Re4 Bg3 31. d4 cxd4 32. Rexd4 Kc6 33. b4 axb4 34. axb4 Rf2 35. R4d2 Rf4 36. Rc2 Re4 37. Rb1 Rd4 38. Kg1 Re4 39. c5 dxc5 40. Rxc5+ Kb6 41. Rc2 Re6 42. b5 Re3 43. Rc6+ Kb7 44. Rh6 Re7 45. b6 Rf7 46. Re6 Bf2+ 47. Kh1 Bg3 48. Re4 h5 49. Ra4 Rf2 50. Ra7+ Kb8 51. Rh7 Rf8 52. b7 Bc7 53. Rd7 Rg8 54. Rd3 Bg3 55. Ra3 Kc7 56. b8=Q+ Rxb8 57. Rxb8 Kxb8 58. Ra5 Kc7 59. Rxh5 Kd6 60. Kg1 Ke6 61. Kf1 Kf6 62. Ke2 Kg6 63. Rb5 Kf6 64.
Kf3 Kg6 65. Kg4 Kf6 66. Rh5 Kg6 67. Rxh4 1-0

[Event "*** Titled Tuesday Blitz"]
[Site "Chess.com"]
[Date "2021.03.09"]
[Round "4"]
[White "lupta_robin"]
[Black "Oglob71"]
[Result "0-1"]
[WhiteElo "2582"]
[BlackElo "2400"]
[TimeControl "180+1"]
[EndTime "10:42:40 PST"]
[Termination "Oglob71 won by resignation"]

1. d4 Nf6 2. Bg5 Ne4 3. Bh4 d5 4. Nd2 Bf5 5. e3 c6 6. c3 Qb6 7. Qb3 Nxd2 8. Qxb6 axb6 9. Kxd2 e6 10. a3 Nd7 11. f3 b5 12. g4 Bg6 13. Ne2 e5 14. Bg3 f6 15. h4 h5 16. g5 Bd6 17. Nc1 Nb6 18. Bd3 Bxd3 19. Nxd3 Nc4+ 20. Kc1 e4 21. Bxd6 Nxd6 22. fxe4 Nxe4 23. g6 Kd7 24. Kc2 Nd6 25. Nc5+ Ke7 26. Rae1 b6 27. Nd3 Rae8 28. Nf4 Kd7 29.
b3 Re4 30. Kd3 Nf5 31. Rh3 Kd6 32. c4 bxc4+ 33. bxc4 Ra8 34. Ra1 Ra4 35. cxd5 cxd5 36. Nxh5 b5 37. Nf4 b4 38. h5 bxa3 39. Ra2 Ra8 40.
Ng2 Nh6 41. Nf4 Re7 42. Rh1 Rb7 43. Rc1 Rb2 44. Rc2 Rxa2 45. Rxa2 Nf5 46. Ne2 Ke6 47. Nf4+ Kd6 48. e4 dxe4+ 49. Kxe4 Nh6 50. d5 Ra4+ 51.
Kf3 Ke5 52. Ne6 Nf5 53. Re2+ Kxd5 54. Nxg7 Nxg7 55. h6 Nf5 56. g7 Nxh6 57. Rd2+ Ke6 58. Rh2 Ng8 59. Rh8 Kf7 60. Rh3 a2 0-1

[Event "*** Titled Tuesday Blitz"]
[Site "Chess.com"]
[Date "2021.03.09"]
[Round "4"]
[White "Homyakova_Elena"]
[Black "Omk124"]
[Result "0-1"]
[WhiteElo "2270"]
[BlackElo "2455"]
[TimeControl "180+1"]
[EndTime "10:42:41 PST"]
[Termination "Omk124 won by resignation"]

1. e4 c5 2. Nf3 d6 3. d4 cxd4 4. Nxd4 Nf6 5. Nc3 a6 6. Be2 e5 7.
Nb3 Be7 8. O-O O-O 9. Kh1 b6 10. f4 Nbd7 11. a4 Bb7 12. Bf3 Rc8 13. Be3 Re8 14. Qe1 Bf8 15. f5 d5 16. g4 d4 17.
g5 dxe3 18. gxf6 Qxf6 19. Qxe3 Bb4 20. Rad1 Nc5 21. Nd5 Bxd5 22. Rxd5 Nxa4 23. c3 Bf8 24. Qd2 Qc6 25. Rd7 Qc4 26. Rg1 Qxb3 27. Be2 Nc5 28. Ra7 Nxe4 29. Qe3 Nf6 30. Rxa6 Qd5+ 31. Bf3 e4 32. Bg2 Qxf5 33. Qe2 Bc5 34. Rf1 Qg4 35. Qxg4 Nxg4 36. Ra7 Nf2+ 37. Kg1 Nd3+ 38. Kh1 Nf2+ 39. Kg1 Ng4+ 40. Kh1 Nf6 41. h3 e3 42. Re1 e2 43.
b4 Bf2 44. Rxe2 Rxe2 45. Bb7 Rd8 46. Kg2 Bd4+ 47. Kf3 Re3+ 48. Kf4 Rxc3 49. b5 Be5+ 50. Kxe5 Rc5+ 51. Kf4 Rxb5 52. Bc6 Rh5 53. Kg3 h6 54. Bf3 Rg5+ 55. Kf2 g6 56. Ke3 Re5+ 57. Kf4 Rf5+ 58. Kg3 Rd3 59. Ra8+ Kg7 60. Kg2 Rdxf3 0-1

[Event "*** Titled Tuesday Blitz"]
[Site "Chess.com"]
[Date "2021.03.09"]
[Round "4"]
[White "norwaytoadog"]
[Black "manitodeplomo"]
[Result "0-1"]
[WhiteElo "2201"]
[BlackElo "2571"]
[TimeControl "180+1"]
[EndTime "10:42:41 PST"]
[Termination "manitodeplomo won on time"]

1. e4 g6 2. d4 Bg7 3. Nc3 c5 4. d5 d6 5. Bb5+ Bd7 6. a4 Bxb5 7. axb5 Nf6 8. f3 O-O 9. Be3 Nbd7 10. Nge2 Nb6 11.
b3 Ne8 12. Qd2 Nc7 13. Rd1 Qd7 14. Bh6 Nxb5 15. Bxg7 Kxg7 16. h4 f6 17. h5 g5 18. Ng3 Nxc3 19. Qxc3 Qb5 20. Nf5+ Kf7 21. Kf2 a5 22. f4 gxf4 23. Qh3 Qd7 24. h6 Rg8 25.
Qh5+ Rg6 26. Rh4 Rg8 27. Rxf4 Kf8 28. Ng7 Qb5 29. Ne6+ Kf7 30. Rg4 Nd7 31. Nf4 Ne5 32. Rg3 Qb4 33. Nxg6 Rxg6 34. Rxg6 Nxg6 35. Qf5 Qc3 36. Rd3 Qxc2+ 37. Ke3 Qc1+ 38. Ke2 Nf4+ 39. Kf3 Nxd3 40. Qxh7+ Ke8 41. Qg8+ Kd7 42. Qe6+ Kc7 43. Qxe7+ Kb6 44. Qxd6+ Ka7 45. h7 Qh6 46. Qe7 Ne5+ 47. Ke2 Qh5+ 48. Kd2 Qg5+ 49. Kc2 Qxg2+ 50. Kc3 Qg3+ 51.
Kd2 Qf2+ 52. Kd1 Qf1+ 53. Kd2 Qf2+ 54. Kd1 Qd4+ 0-1

[Event "*** Titled Tuesday Blitz"]
[Site "Chess.com"]
[Date "2021.03.09"]
[Round "4"]
[White "malakismayil"]
[Black "witcher8"]
[Result "0-1"]
[WhiteElo "2281"]
[BlackElo "2463"]
[TimeControl "180+1"]
[EndTime "10:42:42 PST"]
[Termination "witcher8 won by checkmate"]

1. e4 c6 2. d4 d5 3. exd5 cxd5 4. Bd3 Nf6 5. c3 Nc6 6. h3 g6 7. Nf3 Bf5 8. Bb5 Bg7 9. O-O O-O 10. Re1 a6 11. Bxc6 bxc6 12. Ne5 Rc8 13. Nd2 c5 14.
Nb3 cxd4 15. Nxd4 Ne4 16. Nef3 Bd7 17. Nb3 Ba4 18. Be3 Rb8 19. Qe2 Bb5 20. Qc2 Qc7 21.
Nbd2 Nc5 22. Bxc5 Qxc5 23. Nb3 Qc7 24. Qd2 Rfd8 25. Nbd4 Be8 26. Qe2 e6 27. Rad1 Ba4 28. Rd2 Re8 29. Qxa6 Ra8 30. Qf1 e5 31. Nb3 Bc6 32.
a3 Bh6 33. Qe2 Bxd2 34. Qxd2 Rab8 35. Nc5 Qd6 36. b4 d4 37. Nh2 Qd5 38. f3 dxc3 39. Qxc3 Qd4+ 40. Qxd4 exd4 41. Rd1 Rbd8 42. Nf1 Re2 43.
Nd2 d3 44. Ndb3 d2 45. Kf1 Bb5 46. a4 Re1+ 47. Kf2 Rxd1 48. axb5 Rf1+ 49. Kg3 d1=Q 50. b6 Qd6+ 51. Kg4 Qxb6 52. Kh4 Qd6 53. Ne4 Qf4+ 54. g4 Qxf3 55. Ng5 Qf2# 0-1

[Event "*** Titled Tuesday Blitz"]
[Site "Chess.com"]
[Date "2021.03.09"]
[Round "4"]
[White "Moon_stone123"]
[Black "FredyMatsuura"]
[Result "1-0"]
[WhiteElo "2505"]
[BlackElo "2205"]
[TimeControl "180+1"]
[EndTime "10:42:45 PST"]
[Termination "Moon_stone123 won on time"]

1. Nf3 Nf6 2. g3 b5 3. Bg2 Bb7 4. O-O c5 5. d3 d6 6. e4 e5 7. h3 Be7 8. Nh4 O-O 9. Nf5 Re8 10. f4 Bf8 11. fxe5 dxe5 12. Nc3 b4 13. Ne2 Nbd7 14. Bg5 Qb6 15. Be3 Qe6 16. g4 h6 17. Neg3 c4 18. h4 cxd3 19. cxd3 Bc5 20. Bxc5 Nxc5 21. g5 hxg5 22.
hxg5 Nh7 23. Nh5 Qg6 24. Nhxg7 Nxg5 25. Nxe8 Rxe8 26. Qg4 Nxd3 27. Rad1 Nf4 28. Rd6 Ngh3+ 29. Bxh3 Nxh3+ 30. Kh2 Qxg4 31. Nh6+ Kg7 32. Nxg4 Ng5 33. Rdf6 Bxe4 34. Kg3 Bg6 35. Rc6 Re7 36. Ne3 Ne4+ 37. Kg4 Nd2 38. Rd1 Ne4 39. Rd8 Nf6+ 40. Rxf6 Kxf6 41.
Nd5+ Ke6 42. Nxe7 Kxe7 43. Ra8 f5+ 44. Kg5 Bf7 45. Rxa7+ Ke6 46. Ra6+ Kd5 47. Kxf5 e4 48. Ra7 Bg8 49. Rd7+ Kc6 50. Rd8 Bxa2 51. Kxe4 Kc5 52. Kd3 Bb1+ 53. Kd2 Kc4 54. Kc1 Bg6 55. Rg8 Bf5 56.
Rg5 Bh7 57. Rg4+ Kb3 58. Rg3+ Ka2 59. Rh3 Bf5 60. Rh4 Kb3 61. Rf4 Bg6 62. Rf2 Bh7 63. Rd2 Bg6 64. Kd1 1-0

[Event "*** Titled Tuesday Blitz"]
[Site "Chess.com"]
[Date "2021.03.09"]
[Round "4"]
[White "QuintilianoR"]
[Black "Fandorin779"]
[Result "0-1"]
[WhiteElo "2687"]
[BlackElo "2528"]
[TimeControl "180+1"]
[EndTime "10:42:46 PST"]
[Termination "Fandorin779 won by resignation"]

1. Nf3 d5 2. e3 Nf6 3. c4 e6 4. b3 c5 5. Bb2 Nc6 6. cxd5 exd5 7. Bb5 Be7 8. O-O O-O 9. d4 a6 10. Bxc6 bxc6 11. dxc5 Bxc5 12. Nc3 Be6 13. Ne2 Ne4 14. Rc1 Rc8 15. Ned4 Qd6 16. Qc2 Ba7 17. Rfd1 Bb8 18. Qd3 c5 19. Ne2 Rfd8 20. Nf4 Bg4 21. Qxd5 Qe7 22. Qc4 Bxf4 23. exf4 Bxf3 24. gxf3 Nd6 25. Qd5 Nb5 26. Qe5 Qf8 27. Rxd8 Rxd8 28. Qxc5 Qxc5 29.
Rxc5 h6 30. a4 Nd6 31. Rd5 f6 32. Ba3 Nb7 33. Rxd8+ Nxd8 34. Kf1 Kf7 35. Ke2 Ke6 36.
Kd3 Kd5 37. f5 Nc6 38. f4 Na5 39. Bf8 Nxb3 40. Bxg7 Nc5+ 41. Ke3 Nxa4 42. Bxf6 Nc5 43. Bd4 Nd7 44. h4 a5 45. h5 a4 46. Bg7 a3 47. Kd3 a2 48. Kc2 Ke4 49. Kb2 Kxf5 50. Bxh6 Nf6 51. Bg5 Ne4 52. Kxa2 Nxg5 53. fxg5 Kxg5 54.
Kb3 Kxh5 55. Kc3 Kg4 56. Kd3 Kf3 0-1

[Event "*** Titled Tuesday Blitz"]
[Site "Chess.com"]
[Date "2021.03.09"]
[Round "4"]
[White "IMVoja"]
[Black "Iball95"]
[Result "0-1"]
[WhiteElo "2411"]
[BlackElo "2653"]
[TimeControl "180+1"]
[EndTime "10:42:48 PST"]
[Termination "Iball95 won on time"]

1. e4 c5 2. Nf3 g6 3. c3 Bg7 4. d4 cxd4 5. cxd4 d5 6. e5 Bg4 7.
Bb5+ Nd7 8. Nbd2 e6 9. O-O Ne7 10. b3 O-O 11. h3 Bxf3 12. Nxf3 a6 13. Bd3 Nc6 14. Be3 f6 15. exf6 Qxf6 16. Be2 Rac8 17. a3 Kh8 18. Qd2 Qe7 19. Bh6 Nf6 20. Bxg7+ Kxg7 21. Bd3 e5 22. dxe5 Nxe5 23. Nxe5 Qxe5 24. Rfe1 Qd6 25. Rad1 Qxa3 26. b4 Qc3 27. Re7+ Rf7 28. Rxf7+ Kxf7 29. Qf4 Qc7 30. Qd4 Re8 31. b5 axb5 32.
Bxb5 Re4 33. Qd2 Re7 34. Qd4 Qe5 35. Qb6 Kg7 36. Bd3 Qc7 37. Qd4 Qe5 38. Qb6 Qc7 39. Qd4 b6 40. Rb1 Qc5 41. Qb2 Rb7 42. Rc1 Qd6 43.
Qd4 b5 44. Rb1 b4 45. Qb2 Kf7 46. Qd4 Qb6 47. Qb2 b3 48. Re1 Qb4 49. Rb1 d4 50. Rd1 Kg7 51. Qe2 b2 52. Bb1 Qc3 53. Qe5 Qc1 54. Qe2 Rc7 55. Qd3 Qxd1+ 56. Qxd1 Rc1 0-1

[Event "*** Titled Tuesday Blitz"]
[Site "Chess.com"]
[Date "2021.03.09"]
[Round "4"]
[White "Fy_Rakotomaharo"]
[Black "KingCyber19"]
[Result "1-0"]
[WhiteElo "2712"]
[BlackElo "2509"]
[TimeControl "180+1"]
[EndTime "10:42:49 PST"]
[Termination "Fy_Rakotomaharo won by resignation"]

1. d4 d5 2. Bf4 Nf6 3. e3 c5 4.
Nf3 e6 5. Nbd2 Bd6 6. c3 Bxf4 7. exf4 b6 8. Bb5+ Bd7 9. Bd3 O-O 10. O-O Nc6 11. a3 a5 12. Re1 c4 13. Bc2 b5 14.
Ne5 Nxe5 15. fxe5 Ne8 16. Re3 f5 17. exf6 Nxf6 18. Nf3 b4 19. axb4 axb4 20. Rxa8 Qxa8 21. cxb4 Rb8 22. Qe1 Qb7 23. Rxe6 Bxe6 24. Qxe6+ Qf7 25. Qd6 Qf8 26. Qe6+ Qf7 27. Qd6 Ra8 28. h3 Qd7 29.
Qc5 Rc8 30. Qa5 Ne4 31. Ne5 Qd6 32. Qa7 Rf8 33. Bxe4 dxe4 34. b5 Qb4 35. Qc5 Qe1+ 36.
Kh2 Qxf2 37. Qxc4+ Kh8 38. b6 e3 39. b7 Qf4+ 40. Kh1 Qf1+ 41. Qxf1 Rxf1+ 42. Kh2 Rf8 43. Kg3 e2 44. Nd3 h5 45. h4 Kh7 46. b8=Q Rxb8 47. Kf2 Re8 48. Ke1 Re4 49. d5 Rd4 50. Kxe2 Rxd5 51.
Ke3 Ra5 52. g3 Ra4 53. Kf3 Rg4 54. Nf4 g6 55. b4 Kg7 56. b5 Kf7 57. b6 Ke7 58. b7 1-0

[Event "*** Titled Tuesday Blitz"]
[Site "Chess.com"]
[Date "2021.03.09"]
[Round "4"]
[White "Tekushka"]
[Black "Supernotar"]
[Result "1/2-1/2"]
[WhiteElo "2451"]
[BlackElo "2723"]
[TimeControl "180+1"]
[EndTime "10:42:49 PST"]
[Termination "Game drawn - insufficient material"]

1. e4 c6 2. d4 d5 3. Nd2 dxe4 4. Nxe4 Bf5 5. Ng3 Bg6 6. h4 h6 7. Nf3 Nd7 8. Bd3 Bxd3 9. Qxd3 e6 10. Bf4 Ngf6 11.
O-O-O Be7 12. Kb1 O-O 13. Ne4 Nxe4 14. Qxe4 Nf6 15. Qe2 Qd5 16. Ne5 Qe4 17. Qxe4 Nxe4 18.
Rde1 Nf6 19. g4 Nd5 20. Bc1 Rad8 21. g5 hxg5 22. hxg5 Bd6 23. Rh3 Bxe5 24. dxe5 Ne7 25. b3 Ng6 26. Ba3 Rfe8 27. Bd6 Rd7 28. c4 b6 29. Kc2 Red8 30. b4 c5 31. bxc5 bxc5 32. Rb1 Rc8 33. Rhb3 Ne7 34. Rb7 Rxb7 35. Rxb7 Nf5 36.
Rxa7 Rc6 37. a4 Nxd6 38. exd6 Rxd6 39. a5 f6 40. g6 Kf8 41. Rc7 Ra6 42. Rxc5 f5 43. Rb5 Ke7 44. Kc3 Kf6 45. Kd4 Kxg6 46.
Ke5 Kg5 47. c5 f4 48. Rb6 Rxa5 49. Kd6 Kg4 50. c6 e5 51. Rb7 Ra8 52. Rxg7+ Kf3 53. Kxe5 Kxf2 54. Rf7 f3 55. Kd6 Ke2 56. c7 f2 57.
Rxf2+ Kxf2 58. Kd7 Ra7 59. Kd8 Rxc7 60. Kxc7 1/2-1/2

[Event "*** Titled Tuesday Blitz"]
[Site "Chess.com"]
[Date "2021.03.09"]
[Round "4"]
[White "sbouchet"]
[Black "catzapto"]
[Result "1-0"]
[WhiteElo "2328"]
[BlackElo "2096"]
[TimeControl "180+1"]
[EndTime "10:42:49 PST"]
[Termination "sbouchet won by resignation"]

1. e4 c5 2. c3 e6 3. d4 d5 4. e5 Nc6 5. Nf3 Qb6 6. Be2 Bd7 7.
O-O f6 8. dxc5 Bxc5 9. b4 Be7 10. exf6 Nxf6 11. Nbd2 O-O 12. Nb3 Rad8 13. Be3 Qc7 14. Nc5 b6 15. Nxd7 Qxd7 16. Bb5 Qc7 17. h3 Ne4 18.
Rc1 Bf6 19. Qb3 Ne5 20. Nd4 Nc4 21. Nxe6 Qe7 22. Nxf8 Rxf8 23. Bxc4 dxc4 24. Qxc4+ Kh8 25. Rfe1 Nd6 26. Qd5 Qc7 27. c4 Bb2 28. Rc2 Ba3 29.
Rb1 Nf5 30. Qd3 Nxe3 31. Qxe3 b5 32. Qxa3 bxc4 33. Qc3 Qf7 34. Qxc4 Qf5 35. Rbc1 h6 36. Qg4 Qf7 37. Rc7 Qf6 38. R1c3 Qxf2+ 39. Kh2 Qf6 40. Rg3 g5 41. Qd7 Qg6 42. Rc8 Rxc8 43.
Qxc8+ Kg7 44. Qc7+ Kh8 45. Qd8+ Kg7 46. Qd7+ Kh8 47.
Qxa7 h5 48. Rc3 Qd6+ 49. Kh1 Qd1+ 50. Qg1 Qd7 51. Rc1 g4 52. h4 g3 53. Qc5 Qd2 54.
Qc3+ Qxc3 55. Rxc3 Kg7 56. Rxg3+ Kh6 57. Rg5 Kh7 58. b5 Kh6 59. b6 Kh7 60. b7 Kh6 61.
b8=Q Kh7 62. Qc7+ Kh6 63. Qd6+ Kh7 64. Rc5 Kg8 65. Rc8+ Kf7 66. Rc7+ 1-0

[Event "*** Titled Tuesday Blitz"]
[Site "Chess.com"]
[Date "2021.03.09"]
[Round "4"]
[White "katchesskat"]
[Black "moro182"]
[Result "0-1"]
[WhiteElo "2318"]
[BlackElo "2689"]
[TimeControl "180+1"]
[EndTime "10:42:50 PST"]
[Termination "moro182 won on time"]

1. c4 g6 2. Nf3 Bg7 3. e3 e5 4.
Qc2 Nc6 5. a3 Nge7 6. Be2 O-O 7.
h4 h5 8. Ng5 d5 9. cxd5 Qxd5 10. Bf3 Qd6 11. Be2 Bf5 12. d3 Rad8 13. Ne4 Qd7 14.
Nbd2 b6 15. b4 a5 16. b5 Na7 17. a4 Nac8 18. Ba3 Rfe8 19. Rc1 Nd5 20. Ng5 Bg4 21.
Ndf3 Nd6 22. Qb3 Nb7 23. Rc6 Nc5 24. Bxc5 bxc5 25. Rxc5 Nb4 26. O-O Re7 27. Rd1 Kh8 28. Qc4 f6 29. Ne4 Be6 30. Qc1 Bb3 31. Rd2 Bxa4 32. d4 exd4 33. Rxd4 Qe8 34. Rxc7 Rxc7 35. Qxc7 Rxd4 36. Nxd4 Qxe4 37. b6 Bc6 38. Nxc6 Qxc6 39. Bf3 Qe8 40. b7 Na6 41. Qc8 Qf8 42. Be2 Nb8 43.
Bc4 a4 44. Qc7 a3 45. Qa5 f5 46. Bd5 Bb2 47. Qc7 Bf6 48. Qb6 Qd8 49. Qe6 a2 50. Bxa2 Qf8 51. g3 Kg7 52. Bd5 Qe7 53. Qc8 Be5 54. Qg8+ Kh6 55. Kg2 Qg7 56. Qe8 Bf6 0-1

[Event "*** Titled Tuesday Blitz"]
[Site "Chess.com"]
[Date "2021.03.09"]
[Round "4"]
[White "GMBenjaminFinegold"]
[Black "kuli4ik"]
[Result "1-0"]
[WhiteElo "2626"]
[BlackElo "2892"]
[TimeControl "180+1"]
[EndTime "10:42:51 PST"]
[Termination "GMBenjaminFinegold won by checkmate"]

1. d4 g6 2. c4 Bg7 3. e4 Nc6 4. d5 Nd4 5. Nc3 c5 6. Be3 e5 7. dxe6 dxe6 8. Nge2 Ne7 9. Qd2 Nec6 10. f3 O-O 11. Rd1 Qe7 12. Nb5 Rd8 13. Nexd4 cxd4 14. Bg5 f6 15. Bh4 e5 16. Bd3 Be6 17. O-O a6 18.
Na3 Qb4 19. Qe2 Rac8 20. Bg3 g5 21. h4 h6 22. hxg5 hxg5 23. Nc2 Qxb2 24. Rb1 Qxa2 25. Ra1 Qb3 26. Rfb1 Qc3 27. Be1 Qxa1 28. Rxa1 Rd7 29. Rb1 Bf8 30. Nb4 Nxb4 31. Bxb4 Bg7 32. Ba3 Bf7 33. Rb6 Rdc7 34. Bd6 Rc6 35. Rxc6 Rxc6 36.
c5 Bf8 37. Bxf8 Kxf8 38. Qb2 Rxc5 39. Qxb7 a5 40. Qb6 Rc3 41. Bb5 Kg7 42. Qxa5 Rb3 43. Qa6 Rb4 44. Kh2 Kg6 45. Kg3 Kg7 46. Kg4 Kg6 47. Kg3 Kg7 48. Bd3 Kg6 49. Qd6 Rb3 50.
Ba6 Rb2 51. Bc8 Kg7 52. Bf5 Rb7 53. Be6 Bg6 54. Qd8 Bf7 55. Bxf7 Rxf7 56. Kg4 Kg6 57. Qg8+ Rg7 58. Qe8+ Rf7 59. g3 Kg7 60. Kf5 d3 61. Qd8 g4 62. Qxd3 gxf3 63. Qxf3 Kf8 64. Qh5 Ke7 65. Qg6 Rf8 66. g4 Rf7 67. Qg8 Rf8 68. Qe6+ Kd8 69. Qd6+ Ke8 70. Ke6 Rf7 71. Qb8# 1-0

[Event "*** Titled Tuesday Blitz"]
[Site "Chess.com"]
[Date "2021.03.09"]
[Round "4"]
[White "djano"]
[Black "ENajer77"]
[Result "1-0"]
[WhiteElo "2479"]
[BlackElo "2608"]
[TimeControl "180+1"]
[EndTime "10:42:53 PST"]
[Termination "djano won by resignation"]

1. e4 c6 2. d4 d5 3. exd5 cxd5 4.
Bd3 Nc6 5. c3 Nf6 6. Bf4 Bg4 7.
Qb3 Qd7 8. Nd2 e6 9. Ngf3 Bd6 10.
Bxd6 Qxd6 11. O-O O-O 12. Rae1 Rab8 13. h3 Bh5 14. Ne5 Qc7 15. f4 b5 16. Ndf3 Bxf3 17.
Rxf3 Rfc8 18. Qd1 b4 19. f5 bxc3 20. bxc3 exf5 21. Bxf5 Re8 22. Rfe3 g6 23. Ng4 Rxe3 24. Nxf6+ Kg7 25. Nh5+ Kh8 26. Rxe3 gxf5 27. Nf6 Qd6 28. Ne8 Qh6 29. Re1 Qf8 30. Nf6 Qd6 31. Ne8 Qg3 32.
Qe2 f4 33. Nf6 Qg6 34. Ng4 Rg8 35. Ne5 Nxe5 36. Qxe5+ f6 37. Qxd5 Qg3 38. Rf1 Qxh3 39. Qf3 Qh4 40. Qxf4 Qxf4 41. Rxf4 Rc8 42. Rxf6 Rxc3 43.
Ra6 Rd3 44. Rxa7 Rxd4 45. a4 Kg8 46. a5 Ra4 47. a6 Ra3 48. Kf2 Ra2+ 49. Kf3 Ra3+ 50.
Kf4 Ra2 51. g4 Ra4+ 52. Kf5 Ra5+ 53. Kf6 h6 54. Kg6 Rg5+ 55. Kxh6 Rxg4 56. Rb7 Rh4+ 57. Kg5 Ra4 58. a7 1-0

[Event "*** Titled Tuesday Blitz"]
[Site "Chess.com"]
[Date "2021.03.09"]
[Round "4"]
[White "suyu28"]
[Black "SanQui14"]
[Result "0-1"]
[WhiteElo "2621"]
[BlackElo "2383"]
[TimeControl "180+1"]
[EndTime "10:42:54 PST"]
[Termination "SanQui14 won on time"]

1. e4 c5 2. Nf3 g6 3. d4 cxd4 4.
Nxd4 Nc6 5. c4 Nf6 6. Nc3 Nxd4 7. Qxd4 d6 8. Be2 Bg7 9. O-O O-O 10. f3 Be6 11. Qd2 a5 12. a4 Qc7 13. Nd5 Bxd5 14.
exd5 Nd7 15. Kh1 Nb6 16. Qd3 Rac8 17. Bg5 Qxc4 18. Qxc4 Nxc4 19. Bxc4 Rxc4 20. Bxe7 Re8 21. Bxd6 Rd8 22. b3 Rc2 23. Be7 Rxd5 24. Rad1 Rdd2 25. Rxd2 Rxd2 26. b4 axb4 27. Bxb4 Rd4 28. Rb1 h5 29. a5 Rd7 30. Kg1 Bd4+ 31. Kf1 Be5 32. g3 Rd3 33.
Ke2 Rd7 34. Bd2 h4 35. f4 Bf6 36. g4 Kf8 37. Rb5 Ke7 38. Bb4+ Kd8 39. Bd2 Kc7 40. Be3 Bd4 41. Bd2 Re7+ 42. Kd3 Rd7 43. Ke2 Kc6 44. Rb3 Re7+ 45. Kf3 Kd5 46. Rb4 Bc5 47. Rb1 Kd4 48.
h3 Kd3 49. Rb5 Bd4 50. Bb4 Re3+ 51. Kg2 Kc4 52. Kh1 Kxb5 53. Bd2 Re1+ 54. Kg2 Re2+ 55. Kf3 Rxd2 56. g5 Rh2 57. Kg4 Bf2 58. f5 gxf5+ 59.
Kh5 Rxh3 60. Kh6 Rg3 0-1

[Event "*** Titled Tuesday Blitz"]
[Site "Chess.com"]
[Date "2021.03.09"]
[Round "4"]
[White "K_A_S_T_O_R"]
[Black "wonderfultime"]
[Result "1-0"]
[WhiteElo "2807"]
[BlackElo "2971"]
[TimeControl "180+1"]
[EndTime "10:42:55 PST"]
[Termination "K_A_S_T_O_R won on time"]

1. e4 c5 2. Nf3 Nf6 3. e5 Nd5 4. Nc3 e6 5. Nxd5 exd5 6. d4 Nc6 7. dxc5 Bxc5 8. Bd3 d6 9. exd6 Qxd6 10. O-O O-O 11. Kh1 Re8 12. h3 Bb6 13. c3 Bc7 14.
Bg5 h6 15. Bh4 Qc5 16. Re1 Bd7 17. Qd2 a5 18. Bg3 Bxg3 19. fxg3 a4 20. a3 Rad8 21.
Rxe8+ Rxe8 22. Re1 Re6 23. Rxe6 Bxe6 24. Qf4 Qf2 25.
Qxa4 g5 26. Qc2 Qxg3 27. Qe2 Qf4 28. Qd2 Qg3 29. Qe1 Qf4 30. Qd2 Qc7 31. b4 Ne7 32.
Nd4 Qg3 33. a4 Bd7 34. a5 Nc8 35. Bf1 Nd6 36. Ne2 Qe5 37. Qd4 Qe6 38. Kg1 Nb5 39. Qd3 Bc6 40. Nd4 Nxd4 41. Qxd4 Qd7 42. Qc5 Qe8 43. b5 Bd7 44. a6 bxa6 45. bxa6 Bc6 46.
a7 Ba8 47. Qd4 Qe7 48. Kf2 Qc7 49. Bd3 Qe7 50. g3 Qc7 51. h4 Qe7 52. hxg5 Qxg5 53. Qe3 Qf6+ 54. Ke2 Kg7 55. Qd4 h5 56. Ke3 Bb7 57.
Qxf6+ Kxf6 58. Kf4 Ba8 59. Be2 Kg6 60. Bf3 f6 61. c4 1-0

[Event "*** Titled Tuesday Blitz"]
[Site "Chess.com"]
[Date "2021.03.09"]
[Round "4"]
[White "Natalya_Buksa"]
[Black "almo64"]
[Result "1/2-1/2"]
[WhiteElo "2529"]
[BlackElo "2735"]
[TimeControl "180+1"]
[EndTime "10:42:55 PST"]
[Termination "Game drawn by repetition"]

1. e4 c5 2. c3 d5 3. exd5 Qxd5 4. d4 Nf6 5. Nf3 Bg4 6. dxc5 Qxd1+ 7. Kxd1 e5 8. b4 Nbd7 9. Be3 O-O-O 10. Kc2 Nd5 11.
Bc4 Be6 12. Nbd2 f6 13. a4 a5 14. Kb3 Be7 15. Rhd1 g5 16. h3 h6 17. Rac1 Rhe8 18.
Nb1 Nb8 19. Na3 Nc6 20. Bd2 e4 21. Nd4 Nxd4+ 22. cxd4 Nc7 23. Bxe6+ Nxe6 24. Bc3 Rd5 25. Nc4 Kb8 26. Ne3 Rdd8 27. d5 axb4 28. Bxb4 Nf4 29. d6 Bf8 30. Rc4 Nd3 31. Rd2 Re5 32. Ng4 Re6 33. Bc3 f5 34. Ne3 f4 35. Nf5 Rc8 36. Bd4 Ne5 37. Rc1 Nc6 38. d7 Rd8 39.
Bb2 Kc7 40. Rcd1 Nb8 41. Rd5 Rxd7 42. Rxd7+ Nxd7 43. Kc4 Rc6 44. Nd4 Rxc5+ 45. Kb3 Kc8 46. Ne6 Rc6 47. Nxf8 Nxf8 48. Re1 Re6 49. Kc4 Nd7 50.
Kd5 Rb6 51. Bd4 Rb4 52. Rxe4 Rxa4 53. Re8+ Kc7 54. Rh8 Ra5+ 55. Ke4 Ra6 56. g3 fxg3 57. fxg3 Ra3 58. Rh7 b5 59. Rxh6 Rxg3 60. Rh7 Kc6 61. Rh6+ Kc7 62. Rh7 Kc6 63. Rh6+ Kc7 1/2-1/2

[Event "*** Titled Tuesday Blitz"]
[Site "Chess.com"]
[Date "2021.03.09"]
[Round "4"]
[White "chescomhuynya"]
[Black "Soltan49"]
[Result "1-0"]
[WhiteElo "2568"]
[BlackElo "2200"]
[TimeControl "180+1"]
[EndTime "10:42:55 PST"]
[Termination "chescomhuynya won by resignation"]

1. d4 Nf6 2. c4 e6 3. g3 c5 4.
Nf3 cxd4 5. Nxd4 Nc6 6. Bg2 d5 7. O-O Be7 8. Nc3 O-O 9. Bf4 Qb6 10. Nxc6 bxc6 11. e4 Qxb2 12. Qb3 Qxb3 13. axb3 d4 14. Ne2 e5 15. Bxe5 c5 16. Bxf6 gxf6 17. e5 Rb8 18.
Rxa7 Bd8 19. exf6 Rxb3 20. Bd5 Bxf6 21. Nf4 d3 22. Rd1 Bf5 23. h3 Bd4 24. g4 Bg6 25.
Nxg6 hxg6 26. Ra2 Re8 27. Ra7 Rf8 28. Rd2 Rb2 29. Rxd3 Bxf2+ 30. Kf1 Bd4 31. Rf3 Kg7 32.
g5 Rb1+ 33. Ke2 Re8+ 34. Kd3 Rb3+ 35. Kc2 Rb2+ 36. Kd1 Rb1+ 37. Kd2 Rb2+ 38. Kd3 Rb3+ 39. Kc2 Rxf3 40. Bxf3 Rf8 41. Kd3 Bf2 42. Ke4 Bh4 43. Kf4 Bf2 44. Bd5 Bd4 45. Rc7 Bg1 46. Kg4 Bd4 47. h4 Be5 48. Rxc5 Re8 49. Rb5 Rc8 50. Rb7 Rc7 51. Rb3 Bd4 52. Rf3 Bc5 53. h5 Re7 54. h6+ Kh7 55. Rxf7+ Rxf7 56. Bxf7 Bd6 57. Be8 Bc5 58. Kf4 Bd6+ 59. Ke4 Bc5 60. Kd5 Bg1 61.
c5 Kg8 62. Bxg6 Kf8 63. c6 Ke7 64. h7 Kd8 65. h8=Q+ Kc7 66. Qe5+ 1-0

[Event "*** Titled Tuesday Blitz"]
[Site "Chess.com"]
[Date "2021.03.09"]
[Round "4"]
[White "superjem123"]
[Black "Zhigalko_Sergei"]
[Result "0-1"]
[WhiteElo "2744"]
[BlackElo "2939"]
[TimeControl "180+1"]
[EndTime "10:42:56 PST"]
[Termination "Zhigalko_Sergei won on time"]

1. Nf3 d5 2. g3 c6 3. Bg2 Bg4 4. c4 e6 5. O-O Nf6 6. d3 Be7 7. h3 Bh5 8. Nc3 O-O 9. Re1 Nbd7 10. cxd5 exd5 11. e4 dxe4 12. dxe4 Nc5 13. g4 Bg6 14. Ne5 Qxd1 15. Nxd1 Rad8 16. Nc3 Nd3 17. Nxd3 Rxd3 18. Be3 a6 19. Rad1 Rfd8 20. Rxd3 Rxd3 21. f4 h5 22. e5 Nd7 23. Be4 Rxc3 24. bxc3 Bxe4 25. Rd1 Nc5 26. Kf2 hxg4 27. hxg4 Bd5 28. Bxc5 Bxc5+ 29. Kg3 b5 30. f5 Kf8 31. g5 a5 32. Kf4 a4 33. f6 gxf6 34. gxf6 Ke8 35. Rd2 Kd7 36.
Kf5 Kc7 37. Rh2 Kb6 38. Kg5 Be3+ 39. Kf5 Kc5 40. Re2 Bc1 41. Rc2 Ba3 42. Kg5 Kc4 43. Kh6 Kd3 44. Rh2 Ke4 45. Rh5 Bb2 46. Kg7 Bxc3 47.
e6 Bxe6 48. Rc5 b4 49. Rxc6 a3 50. Rb6 Bxa2 51. Kf8 Kd3 52. Rb7 Kc2 53. Re7 Bc4 54. Re4 Bd3 55. Rc4 Bxc4 0-1